 Dungeon Crawl Stone Soup version 0.19.5 (webtiles) character file.

460 Jynx the Chopper (level 6, -2/57 HPs)
             Began as a Deep Dwarf Fighter on Mar 26, 2017.
             Killed from afar by Dowan (7 damage)
             ... with a stone arrow
             ... on level 4 of the Dungeon.
             The game lasted 00:05:27 (2307 turns).

Jynx the Chopper (Deep Dwarf Fighter)               Turns: 2307, Time: 00:05:27

Health: -2/57      AC:  7    Str: 22    XL:     6   Next: 78%
Magic:  6/6        EV:  7    Int:  8    God:
Gold:   152        SH: 10    Dex: 12    Spells: 0 memorised, 5 levels left

rFire  . . .     SeeInvis .     a - +0 war axe
rCold  . . .     Gourm    .     b - +0 scale mail
rNeg   . . .     Faith    .     c - +0 shield
rPois  .         Spirit   .     (no helmet)
rElec  .         Reflect  .     (no cloak)
rCorr  .         Harm     .     (no gloves)
MR     .....                    (no boots)
Stlth  ..........               (no amulet)
                                (no ring)
                                (no ring)

@: non-regenerating, glowing, drained
A: damage resistance, recharge devices, sense surroundings 1, slow regeneration
3
a: Device Recharging


You were on level 4 of the Dungeon.
You were hungry.

You visited 1 branch of the dungeon, and saw 4 of its levels.

You collected 152 gold pieces.

Inventory:

Hand Weapons
 a - a +0 war axe (weapon)
Armour
 b - a +0 scale mail (worn)
 c - a +0 shield (worn)
Jewellery
 x - an uncursed ring of protection from magic {unknown}
Wands
 e - a wand of heal wounds (2/9)
 u - a wand of confusion (26/48)
Scrolls
 g - 2 scrolls of noise
 i - a scroll of immolation {unknown}
 j - a scroll of recharging {unknown}
 k - 2 scrolls of remove curse
 m - a scroll of enchant armour {unknown}
 n - a scroll of teleportation {unknown}
 t - a scroll of identify
Potions
 l - a potion of lignification {unknown}
 q - 2 potions of agility {unknown}
 r - a potion of brilliance {unknown}
 s - a potion of flight {unknown}
 w - a potion of curing {unknown}
Books
 v - a book of Maledictions

   Spells                             Type                      Level
   a - Corona                         Hexes                        1
   b - Ensorcelled Hibernation        Hexes/Ice                    2
   c - Confuse                        Hexes                        3
   d - Tukima's Dance                 Hexes                        3
   e - Dazzling Spray                 Conjuration/Hexes            3
Comestibles
 d - 2 slices of pizza
 f - 3 bread rations
 h - 2 meat rations
 o - 2 beef jerkies


   Skills:
 + Level 3.7 Fighting
 * Level 5.4(5.3) Axes
 + Level 4.9(4.8) Armour
 + Level 4.8(4.7) Shields


You had 5 spell levels left.
You didn't know any spells.

Dungeon Overview and Level Annotations

Branches:
Dungeon (4/15)
 Temple: D:4-7

Altars:
Dithmenos
Sif Muna
Uskayaw

Annotations:
D:4 Dowan


Innate Abilities, Weirdness & Mutations

You are resistant to damage.
You can recharge devices by infusing magical energy.
You passively map a small area around you.
You do not regenerate.


Message History

Duvessa is almost dead.
Duvessa hits you with a short sword.
* * * LOW HITPOINT WARNING * * *
Duvessa closely misses you. You block Duvessa's attack.
You slash Duvessa!
You kill Duvessa!
You hear a distant wail of despair.
Dowan seems to find hidden reserves of power!
Dowan says, "How can I live without her?"
Dowan points at you and mumbles some strange words.
The stone arrow hits you!
* * * LOW HITPOINT WARNING * * *
Dowan casts a spell.
Dowan blinks!
Items here: ) / [ † a short sword; a leather armour; a wand of digging {zapped: 2} the elf corpse of Duvessa Dowan points at you and mumbles some strange words.
The stone arrow hits you!
You die...

, , ##..# *#...##.
##...# # #..# , ,
#####*##....#.####. *
......#..#e.#...... *
,
,..................#
, .......###..#######
#.##..# #........., *
,#..# #..#######.##.
#.######.....@e......
* *
###.....###)#####....
#.....# ##.## ** . *
###.....# ##.#* , ,
.......<# ##.......,
* ###.....# #....?.
#.....# ...... *
#.....# * * ###+# ,
........ *


You could see Dowan.

Vanquished Creatures
  The ghost of smzp the Stinger, an amateur NaVM of Sif Muna (D:3)
  Edmund (D:3)
  Duvessa (D:4)
  2 adders
  2 worms
  3 leopard geckos
  7 orcs (D:3)
  A ball python (D:3)
  14 bats
  5 giant cockroaches
  11 goblins
  6 hobgoblins (D:2)
  3 kobolds
  5 frilled lizards
  8 rats
70 creatures vanquished.

Notes
Turn   | Place    | Note
-------+----------+-------------------------------------------
     0 | D:1      | Jynx the Deep Dwarf Fighter began the quest for the Orb.
     0 | D:1      | Reached XP level 1. HP: 20/20 MP: 1/1
   117 | D:1      | Reached XP level 2. HP: 27/27 MP: 2/2
   685 | D:2      | Found a faded altar of an unknown god.
   801 | D:2      | Reached XP level 3. HP: 28/33 MP: 3/3
   820 | D:2      | Found a shadowy altar of Dithmenos.
   829 | D:2      | Reached skill level 3 in Axes
  1737 | D:3      | Reached XP level 4. HP: 36/42 MP: 4/4
  1775 | D:3      | Found a deep blue altar of Sif Muna.
  1792 | D:3      | Found a hide-covered altar of Uskayaw.
  1815 | D:3      | Noticed smzp's ghost (amateur NaVM)
  1832 | D:3      | Killed smzp's ghost
  1832 | D:3      | Reached skill level 4 in Axes
  1832 | D:3      | Reached XP level 5. HP: 22/49 MP: 5/5
  2194 | D:4      | Noticed Edmund
  2197 | D:4      | Noticed Duvessa
  2198 | D:4      | Noticed Dowan
  2207 | D:3      | Killed Edmund
  2207 | D:3      | Reached skill level 5 in Axes
  2207 | D:3      | Reached XP level 6. HP: 6/56 MP: 6/6
  2304 | D:4      | Killed Duvessa
  2307 | D:4      | Killed from afar by Dowan

Skill      XL: |  1  2  3  4  5 |
---------------+----------------+-----
Axes           | 3 4 5 |  5.4
Fighting       | 3 |  3.7
Shields        | 4 |  4.8
Armour         | 4 |  4.9

Action                   |  1- 3 |  4- 6 || total
-------------------------+-------+-------++-------
Melee: War axe           |   155 |    78 ||   233
Evoke: Wand              |     1 |     2 ||     3
  Use: Scroll            |     2 |       ||     2
       Potion            |       |     1 ||     1
  Eat: Chunk             |     3 |     1 ||     4
Armor: Scale mail        |    65 |    31 ||    96
Dodge: Dodged            |    48 |    16 ||    64
Block: Shield            |    92 |    51 ||   143
